AoeStats
← Miyamoto

Lombardia

509080013Analyzed
4v4 RM · 7d ago on Sep 25, 2026· 43m 25s· 8 players
Game mode
Random Map
Map size
Large (8 player)
Population
200
Speed
Normal
Resources
Standard
Victory
Conquest
Starting age
Dark Age
Ending age
Imperial Age
RankedLock teamsTeams togetherTeam positionsShared explorationLock speedFull tech treeHidden civsTurbo modeCheats
Victory
Defeat
🇭🇰 Huns · Hong Kong SAR China
1202
+13
1187
+14
🇨🇳 Franks · China
1181
+14
🇨🇭 Britons · Switzerland
1115
+17
🇵🇱 Varangians · Poland
1217
-18
🇨🇳 Persians · China
1158
-15
🇳🇱 Italians · Netherlands
1114
-14
🇨🇳 Teutons · China
1060
-11
game 4 fun
3:23 Loom
12:15 Feudal Age
16:15 Castle Age
14:40 Double-Bit Axe
15:32 Fletching
15:58 Horse Collar
24:13 Wheelbarrow
24:47 Bodkin Arrow
25:02 Town Watch
25:33 Bloodlines
25:35 Gold Mining
26:12 Bow Saw
26:43 Heavy Plow
27:11 Padded Archer Armor
27:43 Husbandry
29:19 Hand Cart
29:44 Leather Archer Armor
29:24 Stone Mining
30:43 Gold Shaft Mining
35:30 Imperial Age
33:29 Ballistics
33:16 Thumb Ring
33:07 Light Cavalry
33:11 Pikeman
33:51 Squires
35:03 Scale Mail Armor
35:45 Forging
36:33 Conscription
36:45 Parthian Tactics
36:21 Bracer
38:08 Chemistry
37:35 Halberdier
38:28 Heavy Cavalry Archer
40:54 Two-Man Saw
40:25 Chain Mail Armor
40:18 Light Cavalry
41:05 Scale Barding Armor
41:50 Iron Casting
42:54 Chain Barding Armor
有个小草
10:15 Feudal Age
12:05 Loom
15:11 Castle Age
13:55 Double-Bit Axe
15:43 Gold Mining
26:42 Wheelbarrow
33:16 Imperial Age
31:00 Fortified Wall
30:30 Treadmill Crane
31:26 Hand Cart
31:15 Husbandry
30:35 Light Cavalry
31:44 Bow Saw
33:51 Scale Barding Armor
33:57 Forging
33:29 Cavalier
35:31 Paladin
36:40 Caravan
37:16 Chain Barding Armor
37:31 Iron Casting
38:49 Chemistry
38:58 Gold Shaft Mining
38:13 Stone Mining
39:16 Plate Barding Armor
38:33 Fletching
38:44 Scale Mail Armor
39:15 Padded Archer Armor
39:56 Elite Skirmisher
43:12 Conscription
SaxPat
11:17 Feudal Age
15:19 Castle Age
15:02 Double-Bit Axe
15:01 Horse Collar
16:41 Bow Saw
21:27 Loom
21:40 Stone Mining
23:41 Wheelbarrow
23:17 Heavy Plow
25:13 Gold Mining
26:58 Fletching
27:09 Padded Archer Armor
28:12 Gold Shaft Mining
27:56 Bodkin Arrow
30:55 Imperial Age
29:01 Leather Archer Armor
29:52 Hand Cart
29:27 Town Watch
31:21 Ballistics
31:40 Bracer
31:04 Elite Longbowman
32:05 Conscription
32:45 Ring Archer Armor
33:39 Siege Engineers
34:37 Chemistry
33:50 Masonry
35:02 Town Patrol
36:28 Scale Mail Armor
36:40 Forging
36:55 Warwolf
37:06 Pikeman
37:47 Squires
38:04 Chain Mail Armor
38:19 Halberdier
40:40 Plate Mail Armor
40:45 Iron Casting
重案组之虎曹达华JESSEJAMES
11:36 Feudal Age
15:48 Castle Age
13:38 Double-Bit Axe
13:45 Loom
14:16 Horse Collar
14:57 Stone Mining
17:32 Bow Saw
17:26 Heavy Plow
22:38 Gold Mining
25:12 Wheelbarrow
31:43 Imperial Age
31:20 Scale Mail Armor
31:31 Forging
30:52 Pikeman
32:34 Chain Mail Armor
32:52 Conscription
33:04 Hand Cart
35:00 Iron Casting
33:56 Halberdier
37:54 Blast Furnace
37:56 Arson
38:42 Fletching
38:33 Capped Ram
39:28 Siege Ram
40:37 Bodkin Arrow
42:54 Bracer
Pitry2012
6:54 Loom
10:00 Feudal Age
10:59 Double-Bit Axe
15:53 Castle Age
13:57 Horse Collar
16:52 Bow Saw
20:34 Bloodlines
23:07 Husbandry
24:28 Wheelbarrow
24:07 Town Watch
24:44 Heavy Plow
25:25 Gold Mining
26:18 Scale Barding Armor
26:45 Forging
27:48 Hand Cart
28:29 Stone Mining
33:31 Imperial Age
31:58 Chain Barding Armor
33:50 Iron Casting
33:37 Cavalier
34:41 Conscription
35:20 Plate Barding Armor
35:26 Vendel Legacy
37:59 Blast Furnace
40:28 Two-Man Saw
42:55 Coinage
42:38 Caravan
雅硬雅重
11:25 Feudal Age
16:10 Castle Age
13:58 Loom
14:30 Horse Collar
14:37 Double-Bit Axe
16:55 Bow Saw
17:32 Heavy Plow
18:55 Wheelbarrow
25:40 Gold Mining
25:41 Stone Mining
30:35 Imperial Age
29:19 Scale Barding Armor
29:24 Forging
30:05 Husbandry
30:15 Bloodlines
31:39 Gold Shaft Mining
31:07 Cavalier
33:27 Savar
34:30 Chain Barding Armor
34:45 Iron Casting
35:57 Capped Ram
37:43 Chemistry
37:03 Ballistics
37:17 Conscription
37:53 Plate Barding Armor
38:18 Blast Furnace
38:44 Caravan
39:14 Coinage
38:55 Guilds
40:35 Blast Furnace
39:27 Fletching
39:37 Padded Archer Armor
40:36 Hand Cart
40:08 Town Watch
41:42 Scale Mail Armor
41:22 Siege Ram
43:02 Crop Rotation
43:39 Two-Man Saw
Miyamoto
11:08 Feudal Age
10:05 Loom
11:58 Double-Bit Axe
11:57 Horse Collar
15:59 Wheelbarrow
21:00 Castle Age
19:59 Stone Mining
20:00 Gold Mining
21:15 Forging
21:45 Light Cavalry
23:21 Hand Cart
26:47 Heavy Plow
27:10 Fletching
35:20 Imperial Age
34:33 Bodkin Arrow
34:38 Padded Archer Armor
35:22 Bloodlines
35:13 Husbandry
35:22 Scale Barding Armor
35:53 Iron Casting
35:28 Elite Genoese Crossbowman
36:31 Conscription
36:14 Bracer
36:23 Thumb Ring
37:16 Leather Archer Armor
38:27 Chemistry
37:48 Ballistics
雅粗雅力
11:37 Feudal Age
16:49 Castle Age
15:49 Double-Bit Axe
15:47 Horse Collar
18:10 Stone Mining
18:59 Loom
20:29 Wheelbarrow
21:42 Bow Saw
29:51 Imperial Age
27:54 Hand Cart
29:02 Gambesons
29:18 Squires
29:04 Arson
29:36 Forging
29:27 Scale Mail Armor
31:09 Crenellations
31:12 Conscription
32:11 Two-Man Saw
31:13 Heavy Plow
31:06 Gold Mining
31:42 Chain Mail Armor
32:12 Iron Casting
33:00 Elite Teutonic Knight
34:49 Blast Furnace
34:51 Ironclad
35:55 Plate Mail Armor
36:00 Crop Rotation
36:33 Crenellations
37:05 Masonry
36:45 Arrowslits
40:24 Ballistics
40:11 Siege Engineers
Connection lost

Rejoining the realm…

Still unreachable

The connection could not be restored.

Session expired

The server has moved on; the page needs a fresh start.